 Dungeon Crawl Stone Soup version 0.28-a0-661-g144af121cd (webtiles) character file.

Game seed: 11876196453405661951

9610 KristoblXynda the Slicer (level 11, -10/68 HPs)
             Began as a Kobold Gladiator on Oct 13, 2021.
             Was an Elder of Dithmenos.
             Shot with a bolt by an orc warlord (16 damage)
             ... in a bailey on Oct 14, 2021.
             The game lasted 00:17:52 (12658 turns).

KristoblXynda the Slicer (Kobold Gladiator)        Turns: 12658, Time: 00:17:53

Health: -10/68     AC:  9    Str: 21    XL:     11   Next: 77%
Magic:  14/14      EV: 23    Int: 10    God:    Dithmenos [****..]
Gold:   609        SH:  0    Dex: 22    Spells: 10/10 levels left

rFire   . . .      SeeInvis .   a - +1 rapier
rCold   . . .      Faith    .   (shield restricted)
rNeg    . . .      Spirit   .   f - +3 leather armour
rPois   .          Reflect  .   E - +2 hat {Will+}
rElec   .          Harm     .   (no cloak)
rCorr   .          Rampage  .   (no gloves)
Will    +....                   C - +0 pair of boots
Stlth   +++++++++.              (no amulet)
HPRegen 0.21/turn               l - +6 ring of dexterity
MPRegen 0.14/turn               B - +6 ring of strength

@: wreathed by umbra
A: small, no large weapons, nightstalker 3
a: Renounce Religion, Shadow Step


You were in a bailey.
You worshipped Dithmenos.
Dithmenos was greatly pleased with you.
You visited 2 branches of the dungeon, and saw 11 of its levels.
You also visited: Bailey.

You collected 609 gold pieces.

Inventory:

Hand Weapons
 a - a +1 rapier (weapon)
Missiles
 d - 3 throwing nets (quivered)
Armour
 e - a +0 ring mail of fire resistance
 f - a +3 leather armour (worn)
 v - a +0 kite shield
 C - a +0 pair of boots (worn)
 E - a +2 hat of willpower (worn)
Jewellery
 l - a +6 ring of dexterity (left hand)
 s - a ring of see invisible
 w - a ring of resist corrosion
 y - a +6 ring of intelligence
 B - a +6 ring of strength (right hand)
Wands
 p - a wand of iceblast (4)
Scrolls
 g - 2 scrolls of summoning {unknown}
 i - 2 scrolls of enchant armour
 o - 5 scrolls of teleportation
 z - 4 scrolls of enchant weapon
Potions
 b - a potion of lignification {unknown}
 c - a potion of attraction {unknown}
 h - a potion of brilliance {unknown}
 j - a potion of curing
 m - 2 potions of cancellation
 n - 2 potions of haste
 u - a potion of might
 x - 2 potions of mutation
 A - 2 potions of resistance
 D - a potion of flight {unknown}


   Skills:
 + Level 7.9 Fighting
 + Level 11.8 Short Blades
 - Level 2.1 Throwing
 + Level 10.9 Dodging
 - Level 11.0 Stealth
 - Level 5.2 Invocations
 + Level 6.9 Evocations


You had 10 spell levels left.
You didn't know any spells.
Your spell library contained the following spells:

 Spells                   Type           Power      Damage    Failure   Level
 Pain                     Necr           0%         1d4       41%         1
 Summon Small Mammal      Summ           0%         N/A       41%         1
 Blink                    Tloc           N/A        N/A       54%         2
 Slow                     Hex            0%         N/A       54%         2
 Call Canine Familiar     Summ           0%         N/A       78%         3
 Confusing Touch          Hex            0%         N/A       78%         3
 Lesser Beckoning         Tloc           0%         N/A       78%         3
 Stone Arrow              Conj/Erth      0%         3d7       78%         3
 Summon Guardian Golem    Hex/Summ       0%         N/A       78%         3
 Tukima's Dance           Hex            0%         N/A       78%         3
 Animate Armour           Summ/Erth      0%         N/A       99%         4
 Passage of Golubria      Tloc           N/A        N/A       99%         4
 Agony                    Necr           0%         N/A       100%        5
 Excruciating Wounds      Necr           0%         N/A       100%        5
 Manifold Assault         Tloc           0%         N/A       100%        5
 Yara's Violent Unravell  Hex/Tmut       0%         3d3       100%        5
 Lehudib's Crystal Spear  Conj/Erth      0%         10d2      100%        8


Dungeon Overview and Level Annotations

Branches:
Dungeon (10/15)            Temple (1/1) D:4            Lair (0/6) D:10
    Orc (0/2) D:10         Bailey (1/1)

Altars:
Ashenzari
Cheibriados
Dithmenos
Elyvilon
Fedhas
Gozag
Hepliaklqana
Kikubaaqudgha
Makhleb
Nemelex Xobeh
Okawaru
Qazlal
Ru
Sif Muna
Trog
Uskayaw
Vehumet
Wu Jian
Xom
Yredelemnul
Zin
The Shining One


Innate Abilities, Weirdness & Mutations

You are small and have problems with some larger weapons.
You are completely attuned to the shadows.


Message History

Throw: 5 throwing nets
Press: ? - help, Q - select action, (/) - cycle Shift-Dir - straight line, f - orc warrior
Aim: an orc warrior, wielding a +0 war axe and wearing a +0 ring mail (moderately wounded, strong, umbra, 61% to hit)
You throw a throwing net.
The throwing net closely misses the orc warrior.
The throwing net hits the goblin.
The goblin is caught in the net!
Your attack snaps the goblin out of its fear.
The orc warrior misses you.
The goblin struggles against the net.
You hit the orc warrior.
The orc warrior is heavily wounded.
The orc warrior completely misses you.
The goblin struggles against the net.
Throw: 4 throwing nets
Press: ? - help, Q - select action, (/) - cycle Shift-Dir - straight line, f/p - orc warrior
Aim: an orc warrior, wielding a +0 war axe and wearing a +0 ring mail (heavily wounded, strong, umbra, 61% to hit)
You throw a throwing net. The throwing net hits the orc warrior.
The orc warrior is caught in the net!
The orc warrior is heavily wounded.
Your shadow throws a throwing net.
The throwing net completely misses the orc warrior.
The throwing net disappears in a puff of smoke!
The orc warrior struggles against the net.
You catch the helpless orc warrior completely off-guard!
You stick the orc warrior like a pincushion!!!
You kill the orc warrior!
Dithmenos accepts your kill.
The goblin struggles against the net.
The goblin struggles against the net.
Things that are here:
a +0 war axe; a +0 ring mail; a throwing net You hit the goblin but do no damage.
The goblin struggles against the net.
You barely miss the goblin. You hit the goblin but do no damage.
The goblin struggles against the net.
You catch the helpless goblin completely off-guard!
You perforate the goblin like a sieve!!!
You kill the goblin!
Dithmenos accepts your kill.
The orc warlord unwields a +0 antimagic battleaxe.
The orc warlord wields a +0 arbalest.
The orc warlord shoots a bolt.
The bolt hits you!
You die...

##)#### ####)## ##....)##
##)...)##
#.......#.o.....og#.......#
##..)))..##.......##.......##
#...))....#...o...#.........#
#.........###...###.........#
.....⌠.....###)###.....⌠.....#
#.........##88)88##.........##
#.........#..@....#.........#
##......)##.......##.......##
#......)).........'.......#
##.....##.).......##.....##
#######)....⌠.....#######
##.).......## #.........#
##.......## #.......#


You could see an orc warlord.

Vanquished Creatures
  Gastronok (D:9)
  Harold (D:7)
  A hydra (D:8)
  An orc knight (Bailey)
  2 rust devils (D:6)
  3 slime creatures (D:9)
  A hornet (D:7)
  Sigmund (D:3)
  2 wraiths
  5 yaks
  A steam dragon (D:8)
  An acid dragon (D:8)
  An ice beast (D:6)
  A black bear (D:6)
  2 ogres
  14 orc warriors
  3 centaurs
  A phantom (D:6)
  A kobold brigand (D:9)
  4 bullfrogs
  A scorpion (D:5)
  A water moccasin zombie (D:6)
  A wyvern zombie (D:8)
  A water moccasin skeleton (D:6)
  4 killer bees (D:9)
  3 howler monkeys
  4 wights (D:7)
  A centaur zombie (D:7)
  A jelly (D:8)
  A centaur skeleton (D:5)
  3 hounds
  4 orc priests
  3 iguanas
  6 orc wizards
  2 hound skeletons (D:4)
  A howler monkey zombie (D:9)
  21 gnolls
  A howler monkey skeleton (D:7)
  9 adders
  A shadow imp (D:7)
  2 white imps
  3 adder skeletons
  3 worms
  4 dart slugs
  44 orcs
  5 endoplasms
  3 giant cockroaches
  21 goblins
  20 hobgoblins
  4 jackals (D:1)
  5 quokkas
  6 ball pythons
  6 bats
  3 frilled lizards
  9 kobolds
  10 rats
264 creatures vanquished.

Vanquished Creatures (others)
  A fungus (D:6)
1 creature vanquished.

Grand Total: 265 creatures vanquished

Notes
Turn   | Place    | Note
-------+----------+-------------------------------------------
     0 | D:1      | KristoblXynda the Kobold Gladiator began the quest for the
                  | Orb.
     0 | D:1      | Reached XP level 1. HP: 12/12 MP: 1/1
    98 | D:1      | Reached XP level 2. HP: 18/18 MP: 2/2
   125 | D:1      | Reached skill level 1 in Stealth
   159 | D:1      | Found a faded altar of an unknown god.
   249 | D:1      | Reached XP level 3. HP: 22/22 MP: 3/3
  1127 | D:2      | Reached XP level 4. HP: 16/27 MP: 4/4
  1553 | D:2      | Reached XP level 5. HP: 32/32 MP: 5/5
  1612 | D:2      | Reached skill level 5 in Short Blades
  2573 | D:3      | Noticed Sigmund
  2578 | D:3      | Killed Sigmund
  2579 | D:3      | Reached skill level 5 in Dodging
  2579 | D:3      | Reached XP level 6. HP: 38/38 MP: 6/6
  3292 | D:4      | Reached XP level 7. HP: 33/43 MP: 7/7
  3499 | D:4      | Found a staircase to the Ecumenical Temple.
  4283 | Temple   | Entered the Ecumenical Temple
  4449 | Temple   | Became a worshipper of Dithmenos the Shadowed
  4492 | D:5      | Entered Level 5 of the Dungeon
  4841 | D:4      | Upgraded the game from 0.28-a0-657-g71136c5590 to
                  | 0.28-a0-661-g144af121cd
  4940 | D:5      | Reached skill level 5 in Stealth
  5241 | D:5      | Reached XP level 8. HP: 28/48 MP: 8/8
  5461 | D:5      | Reached skill level 5 in Fighting
  6280 | D:5      | Noticed a rust devil
  6280 | D:5      | Noticed a rust devil
  6426 | D:6      | Killed a rust devil
  6427 | D:6      | Reached XP level 9. HP: 42/55 MP: 9/9
  6432 | D:6      | Killed a rust devil
  6604 | D:6      | Reached * piety under Dithmenos
  7191 | D:6      | Found a hazy altar of Hepliaklqana.
  7521 | D:7      | Reached skill level 1 in Evocations
  7636 | D:7      | Reached skill level 1 in Invocations
  7914 | D:7      | Reached XP level 10. HP: 63/63 MP: 10/10
  8500 | D:7      | Noticed Harold
  8504 | D:7      | Killed Harold
  8505 | D:7      | Reached skill level 10 in Short Blades
  8628 | D:8      | Reached skill level 10 in Stealth
  8653 | D:8      | Reached ** piety under Dithmenos
  9042 | D:8      | Noticed a five-headed hydra
  9046 | D:8      | Killed a five-headed hydra
  9718 | D:8      | Reached XP level 11. HP: 34/67 MP: 14/14
  9981 | D:9      | Reached skill level 5 in Evocations
 10101 | D:9      | Reached skill level 10 in Dodging
 10162 | D:9      | Reached skill level 5 in Invocations
 11487 | D:9      | Noticed Gastronok
 11510 | D:9      | Killed Gastronok
 11957 | D:10     | Entered Level 10 of the Dungeon
 11984 | D:10     | Found a flagged portal.
 11991 | Bailey   | Entered a bailey
 12036 | Bailey   | Reached *** piety under Dithmenos
 12496 | Bailey   | Reached **** piety under Dithmenos
 12623 | Bailey   | Noticed an orc knight
 12626 | Bailey   | Noticed an orc warlord
 12636 | Bailey   | Killed an orc knight
 12658 | Bailey   | Shot with a bolt by an orc warlord

Illustrated notes

Levels and vault maps discovered:
D:1:      minmay_arrival_shoal_huts, layout_loops_cross,
          hellmonk_ecumenical_altar_heavens_door, chequers_avenue
D:2:      kennysheep_six_static_rooms, layout_basic, hangedman_decor_growths,
          minmay_tetromino_t4
D:3:      layout_basic, uniq_sigmund
D:4:      layout_cave_pods, minmay_temple_entry_mist
D:5:      cheibrodos_iron_armory, layout_basic
D:6:      layout_rooms, mainiacjoe_overflow_alcove_4
D:7:      layout_rooms, uniq_harold
D:8:      layout_basic, lightli_orcish_oven
D:9:      layout_gridville, chequers_arboretum, uniq_psyche, uniq_gastronok
D:10:     layout_roguey, erik_lair_dragon, orc_0_dummy, enter_bailey_2,
          minivault_27
Temple:   minmay_crystal_snake_temple
Bailey:   bailey_axe_minmay_hex_keep, bailey

Skill      XL: |  1  2  3  4  5  6  7  8  9 10 11 |
---------------+----------------------------------+-----
Stealth        | 1 2 4 5 7 9 10 11 | 11.0
Dodging        | 4 5 6 7 8 9 10 | 10.9
Fighting       | 3 4 6 7 |  7.9
Short Blades   | 5 6 7 9 10 11 | 11.8
Evocations     | 1 4 6 |  6.9
Invocations    | 1 4 5 |  5.2
Throwing       | |  2.1

Action                   |  1- 3 |  4- 6 |  7- 9 | 10-12 || total
-------------------------+-------+-------+-------+-------++-------
Melee: Rapier            |    96 |   128 |   393 |   451 ||  1068
Throw: Throwing net      |       |       |     7 |     2 ||     9
Evoke: Wand              |       |       |     3 |     9 ||    12
  Use: Scroll            |       |       |     4 |    18 ||    22
       Potion            |       |       |       |     8 ||     8
 Stab: Sleeping          |    12 |    20 |    23 |    32 ||    87
       Held in net/web   |       |       |     8 |     2 ||    10
       Distracted        |       |       |     2 |     1 ||     3
       Paralysed         |       |       |     1 |     6 ||     7
Armor: Ring mail         |    26 |       |       |       ||    26
       Leather armour    |     2 |    25 |    69 |    45 ||   141
Dodge: Dodged            |    64 |    81 |   300 |   354 ||   799

Table legend: (Time is in decaauts)
 A = Elapsed time spent in this place.
 B = Non-inter-level travel time spent in this place.
 C = Inter-level travel time spent in this place.
 D = Time resting spent in this place.
 E = Time spent auto-exploring this place.
 F = Levels seen in this place.
 G = Mean time per level.
                   A        B        C        D        E       F      G
               +--------+--------+--------+--------+--------+-----+--------+
         Total |  12433 |  12103 |    330 |   2957 |   6849 |  12 | 1036.1 |
       Dungeon |  11637 |  11344 |    293 |   2728 |   6710 |  10 | 1163.7 |
        Temple |    199 |    162 |     37 |      0 |    139 |   1 |  199.0 |
        Bailey |    595 |    595 |      0 |    229 |      0 |   1 |  595.0 |
               +--------+--------+--------+--------+--------+-----+--------+

Top non-repeatable levels by time:
     D:9: 1989 daAuts
     D:4: 1374 daAuts
     D:5: 1360 daAuts
     D:6: 1318 daAuts
     D:8: 1283 daAuts
     D:2: 1171 daAuts
     D:7: 1144 daAuts
     D:1: 1049 daAuts
     D:3: 911 daAuts
  Bailey: 595 daAuts
  Temple: 199 daAuts
    D:10: 33 daAuts
